AoeStats
← Strombergs

Black Forest

506298420Analyzed
3v3 RM · 18d ago on Sep 13, 2026· 85m 7s· 6 players
Game mode
Random Map
Map size
Normal (6 player)
Population
200
Speed
Normal
Resources
Standard
Victory
Conquest
Starting age
Dark Age
Ending age
Imperial Age
RankedLock teamsTeams togetherTeam positionsShared explorationLock speedFull tech treeHidden civsTurbo modeCheats
Victory
Defeat
🇦🇷 Turks · Argentina
993
+10
🇵🇪 Italians · Peru
882
+15
🇦🇷 Teutons · Argentina
740
+20
🇲🇽 Persians · Mexico
900
-17
🇲🇽 Portuguese · Mexico
859
-15
🇺🇸 Ethiopians · United States
794
-13
JKillerCun
1:10 Loom
12:09 Feudal Age
16:26 Double-Bit Axe
19:39 Castle Age
18:39 Horse Collar
19:19 Fletching
24:09 Bodkin Arrow
30:33 Husbandry
31:42 Wheelbarrow
31:50 Bloodlines
36:03 Imperial Age
34:52 Bow Saw
38:24 Ballistics
39:06 Chemistry
38:32 Scale Barding Armor
38:38 Forging
40:25 Iron Casting
40:11 Chain Barding Armor
39:57 Cavalier
40:43 Onager
42:27 Heavy Plow
43:07 Conscription
43:28 Savar
47:29 Plate Barding Armor
51:15 Kamandaran
53:03 Blast Furnace
70:10 Thumb Ring
69:26 Crossbowman
69:37 Crossbowman
74:56 Light Cavalry
77:58 Hussar
82:24 Murder Holes
FighterDPC
8:43 Loom
13:13 Feudal Age
18:43 Castle Age
19:54 Crossbowman
21:19 Double-Bit Axe
21:26 Horse Collar
24:37 Padded Archer Armor
27:26 Scale Mail Armor
29:48 Thumb Ring
29:58 Forging
34:25 Ballistics
35:12 Chain Mail Armor
35:15 Leather Archer Armor
34:51 Fletching
38:02 Imperial Age
35:20 Town Watch
36:14 Wheelbarrow
36:24 Town Patrol
37:35 Bow Saw
37:46 Heavy Plow
37:38 Gold Mining
37:39 Stone Mining
37:46 Bodkin Arrow
38:40 Hand Cart
38:13 Arbalester
39:31 Iron Casting
40:07 Chemistry
40:27 Ring Archer Armor
39:59 Bracer
41:49 Gold Shaft Mining
41:52 Stone Shaft Mining
42:40 Plate Mail Armor
43:14 Blast Furnace
46:15 Scale Barding Armor
46:25 Masonry
48:47 Elite Skirmisher
58:21 Torsion Engines
85:18 Squires
Pink Phanter
0:28 Loom
13:41 Feudal Age
14:25 Double-Bit Axe
14:39 Horse Collar
22:30 Castle Age
23:28 Wheelbarrow
31:23 Ballistics
35:45 Imperial Age
34:08 Forging
33:59 Scale Mail Armor
34:14 Pikeman
35:54 Fletching
36:04 Padded Archer Armor
36:40 Iron Casting
37:02 Conscription
40:23 Chemistry
40:09 Bow Saw
40:03 Bodkin Arrow
40:24 Leather Archer Armor
40:24 Chain Mail Armor
41:35 Bracer
41:15 Halberdier
45:10 Arquebus
48:46 Elite Organ Gun
64:23 Bloodlines
63:34 Light Cavalry
salepaixa II
1:02 Loom
14:13 Feudal Age
15:07 Double-Bit Axe
22:01 Castle Age
20:58 Horse Collar
23:39 Wheelbarrow
24:49 Town Watch
26:17 Bow Saw
27:57 Hand Cart
29:02 Stone Mining
29:12 Gold Mining
31:14 Heavy Plow
35:44 Imperial Age
34:22 Padded Archer Armor
34:28 Scale Barding Armor
34:34 Forging
36:32 Gold Shaft Mining
37:14 Leather Archer Armor
38:19 Two-Man Saw
37:49 Ballistics
38:07 Bloodlines
38:01 Husbandry
39:44 Ring Archer Armor
39:34 Chain Barding Armor
39:51 Iron Casting
40:43 Conscription
40:28 Artillery
41:32 Town Patrol
42:10 Plate Barding Armor
43:42 Blast Furnace
42:35 Fletching
49:57 Fortified Wall
54:36 Bombard Tower
69:29 Heavy Camel Rider
Strombergs
4:20 Loom
11:47 Feudal Age
12:17 Double-Bit Axe
12:14 Horse Collar
16:08 Gold Mining
18:48 Stone Mining
22:33 Castle Age
21:26 Forging
22:14 Scale Mail Armor
23:23 Wheelbarrow
23:31 Bow Saw
23:23 Heavy Plow
24:30 Stone Shaft Mining
25:46 Caravan
26:48 Squires
28:09 Hand Cart
29:33 Iron Casting
29:14 Chain Mail Armor
29:09 Arson
34:38 Imperial Age
34:26 Fortified Wall
34:54 Capped Ram
36:17 Plate Mail Armor
36:47 Blast Furnace
37:44 Two-Man Saw
37:15 Crop Rotation
38:49 Elite Teutonic Knight
42:59 Ironclad
44:32 Padded Archer Armor
44:23 Fletching
45:30 Leather Archer Armor
45:23 Scale Barding Armor
47:32 Ring Archer Armor
46:58 Bodkin Arrow
48:23 Chemistry
48:47 Ballistics
48:56 Chain Barding Armor
Gambitho
1:41 Loom
13:25 Feudal Age
14:56 Town Watch
18:45 Castle Age
17:00 Fletching
17:08 Stone Mining
18:00 Double-Bit Axe
19:46 Horse Collar
20:38 Bodkin Arrow
24:50 Wheelbarrow
33:34 Pikeman
34:16 Scale Mail Armor
34:31 Gold Mining
34:46 Squires
39:30 Imperial Age
37:27 Bow Saw
37:20 Heavy Plow
38:11 Silk Road
38:22 Forging
39:16 Ballistics
39:08 Fortified Wall
38:40 Treadmill Crane
39:23 Ballistics
39:00 Murder Holes
39:15 Masonry
40:15 Hand Cart
41:11 Chemistry
41:33 Iron Casting
41:00 Bracer
41:40 Murder Holes
42:02 Chain Mail Armor
41:37 Arson
42:37 Town Patrol
43:30 Architecture
44:25 Blast Furnace
44:33 Plate Mail Armor
44:37 Caravan
45:39 Conscription
45:30 Elite Genoese Crossbowman
46:26 Padded Archer Armor
61:02 Elite Skirmisher
61:47 Thumb Ring
79:23 Coinage
Connection lost

Rejoining the realm…

Still unreachable

The connection could not be restored.

Session expired

The server has moved on; the page needs a fresh start.